 Dungeon Sprint DCSS version 0.21-a0-286-g6fcecc0 (webtiles) character file.

6076 potatolord6000 the Blocker (level 11, -3/100 HPs)
             Began as a Formicid Fighter on Sept 27, 2017.
             Was an Initiate of Gozag.
             Slain by a nagaraja
             ... wielding a +0 spear
              (9 damage)
             ... in the Dungeon (Sprint VII: "The Pits").
             The game lasted 00:06:02 (1509 turns).

potatolord6000 the Blocker (Formicid Fighter)       Turns: 1509, Time: 00:06:03

Health: -3/100     AC: 25    Str: 23      XL:     11   Next: 11%
Magic:  1/11       EV:  7    Int: 11      God:    Gozag
Gold:   199        SH: 14    Dex: 12 (13) Spells: 10/10 levels left

rFire    . . .     SeeInvis +   s - +2 war axe (flame)
rCold    . . .     Gourm    .   c - +0 shield
rNeg     . . .     Faith    .   a - +1 plate armour "Fihaloi" {Int+2} (curse)
rPois    .         Spirit   .   (helmet unavailable)
rElec    .         Reflect  .   r - +2 cloak of Otuesel {rCorr}
rCorr    +         Harm     .   t - +0 pair of gloves
MR       +....                  u - +1 pair of boots "Satzieh" {-Tele +Fly Regen+ Int-3}
Stlth    ..........             (no amulet)
HPRegen  0.66/turn              j - +3 ring of intelligence
MPRegen  0.12/turn              k - +3 ring of dexterity

@: lethally poisoned (-3 -> -5), very slightly contaminated, invisible
A: permanent stasis, dig shafts and tunnels, four strong arms, antennae 3
a: Dig, Potion Petition, Call Merchant, Bribe Branch, Renounce Religion, Evoke
Flight


You were in the Dungeon.
You worshipped Gozag.
Gozag was aware of your devotion.
You were very full.

You visited 1 branch You collected 3375 gold pieces.
You spent 1751 gold pieces at shops.
You paid 1425 gold pieces to Gozag.

Inventory:

Hand Weapons
 s - a +2 war axe of flaming (weapon)
Armour
 a - the cursed +1 plate armour "Fihaloi" (worn) {Int+2}
   (You bought it in a shop in the Dungeon)

   It affects your intelligence (+2).
   It has a curse placed upon it.
 c - a +0 shield (worn)
 h - the +2 scale mail of the Ancient Suns {-Tele rElec rF+ Dex+3, unknown}
   (You bought it in a shop in the Dungeon)

   It affects your dexterity (+3).
   It protects you from fire.
   It insulates you from electricity.
   It prevents most forms of teleportation.
 r - the +2 cloak of Otuesel (worn) {rCorr}
   (You bought it in a shop in the Dungeon)

   It protects you from acid and corrosion.
 t - a +0 pair of gloves (worn)
 u - the +1 pair of boots "Satzieh" (worn) {-Tele +Fly Regen+ Int-3}
   (You bought it in a shop in the Dungeon)

   It affects your intelligence (-3).
   It lets you fly.
   It prevents most forms of teleportation.
   It increases your rate of regeneration.
Jewellery
 j - a +3 ring of intelligence (left hand)
 k - a +3 ring of dexterity (right hand)
Scrolls
 m - 3 scrolls of remove curse
 n - 5 scrolls of amnesia
 o - a scroll of summoning
Potions
 e - 8 potions of curing
 i - 4 potions of magic
 l - a potion of invisibility
Comestibles
 f - 8 bread rations
 p - 40 fruits
 q - 5 meat rations


   Skills:
 + Level 14.0 Fighting
 + Level 12.8 Axes
 + Level 13.9 Armour
 + Level 14.9 Shields


You had 10 spell levels left.
You didn't know any spells.

Dungeon Overview and Level Annotations

Branches:
Dungeon (1/1)

Altars:
Ashenzari
Cheibriados
Dithmenos
Elyvilon
Fedhas
Gozag
Hepliaklqana
Kikubaaqudgha
Makhleb
Nemelex Xobeh
Okawaru
Qazlal
Ru
Sif Muna
Trog
Uskayaw
Vehumet
Wu Jian
Xom
Yredelemnul
Zin
The Shining One
Beogh
Jiyva
Lugonu

Shops:
D [[


Innate Abilities, Weirdness & Mutations

You cannot be hasted, slowed, berserked, paralysed or teleported.
You can dig through walls and to a lower floor.
Your four strong arms can wield two-handed weapons with a shield.
You have a pair of large antennae on your head. (SInv)


Message History

The ghost moth barely misses you.
Unknown command.
Unknown command.
You catch the helpless ghost moth completely off-guard!
You slash the ghost moth! You burn the ghost moth.
The ghost moth is almost dead.
The nagaraja hits you but does no damage.
Unknown command.
The nagaraja spits poison at you. The splash of poison hits you!
You are more poisoned.
You see here 54 gold pieces.
Unknown command.
Unknown command.
You barely miss the ghost moth.
The ghost moth is almost dead.
You feel sick.
The nagaraja hits you from afar with a spear!
You die...
Your body crumbles into a pile of gold.

##''################
##..#.....∩........## {
##..##..............# {
##..####..(#'######...#
##..#..#####.##...# ##
##..#....##...#...#
##..')....#...#N..#
##.(')....'...'.$y+ {
##..)(....#...#.@.#
##..#....##...#...#
##..#..#####.##...#
##..####...#'######..
##..##......).......# {
##..#..............## {
####################


You could see a nagaraja and a ghost moth (invisible).

Vanquished Creatures
  A sea snake (D)
  2 lindwurms (D)
  A cyclops (D)
  An orange demon (D)
  A smoke demon (D)
  A kobold demonologist (D)
  An efreet (D)
  A jumping spider (D)
  4 blink frogs (D)
  5 dream sheep (D)
  A spriggan (D)
  A fire bat (D)
  A basilisk (D)
  A soldier ant (D)
  An acid dragon (D)
  2 porcupines (D)
  Purgy (D)
  A sky beast (D)
  3 wights (D)
  A crimson imp (D)
  An iguana (D)
  An iron imp (D)
  An orc wizard (D)
  A worker ant (D)
  A mummy (D)
  A gnoll (D)
  2 river rats (D)
  An ufetubus (D)
  An adder zombie (D)
  A worm (D)
  4 orcs (D)
  A hobgoblin (D)
  A kobold (D)
  2 frilled lizards (D)
50 creatures vanquished.

Notes
Turn   | Place    | Note
-------+----------+-------------------------------------------
     0 | D        | potatolord6000 the Formicid Fighter began the quest for the Orb.
     0 | D        | Reached XP level 1. HP: 18/18 MP: 1/1
    50 | D        | Found a bloodstained altar of Trog.
    50 | D        | Found a deep blue altar of Sif Muna.
    50 | D        | Found a viscous altar of Jiyva.
    50 | D        | Found a hazy altar of Hepliaklqana.
    50 | D        | Found an opulent altar of Gozag.
    51 | D        | Found a glowing golden altar of the Shining One.
    51 | D        | Found a glowing silver altar of Zin.
    51 | D        | Found a basalt altar of Yredelemnul.
    51 | D        | Found a shimmering altar of Xom.
    51 | D        | Found an ornate altar of the Wu Jian Council.
    51 | D        | Found a sacrificial altar of Ru.
    51 | D        | Found a stormy altar of Qazlal.
    51 | D        | Found an iron altar of Okawaru.
    51 | D        | Found a sparkling altar of Nemelex Xobeh.
    51 | D        | Found a burning altar of Makhleb.
    51 | D        | Found a blossoming altar of Fedhas.
    51 | D        | Found a white marble altar of Elyvilon.
    51 | D        | Found a shadowy altar of Dithmenos.
    51 | D        | Found a snail-covered altar of Cheibriados.
    53 | D        | Found a radiant altar of Vehumet.
    53 | D        | Found a corrupted altar of Lugonu.
    53 | D        | Found a roughly hewn altar of Beogh.
    55 | D        | Found an ancient bone altar of Kikubaaqudgha.
    55 | D        | Found a hide-covered altar of Uskayaw.
    55 | D        | Found a shattered altar of Ashenzari.
    68 | D        | Became a worshipper of Gozag Ym Sagoz the Greedy
    96 | D        | Reached XP level 2. HP: 23/25 MP: 2/2
   114 | D        | Reached skill level 5 in Shields
   114 | D        | Reached XP level 3. HP: 23/31 MP: 3/3
   301 | D        | Noticed a porcupine
   310 | D        | Reached skill level 5 in Fighting
   310 | D        | Reached skill level 5 in Armour
   310 | D        | Reached XP level 4. HP: 18/39 MP: 4/4
   315 | D        | Killed a porcupine
   315 | D        | Reached skill level 5 in Axes
   315 | D        | Reached XP level 5. HP: 38/47 MP: 5/5
   396 | D        | Noticed Purgy
   406 | D        | Killed Purgy
   406 | D        | Reached XP level 6. HP: 55/55 MP: 6/6
   479 | D        | Noticed a porcupine
   483 | D        | Killed a porcupine
   483 | D        | Reached XP level 7. HP: 46/63 MP: 7/7
   564 | D        | Noticed a kobold demonologist
   567 | D        | Noticed a sun demon
   567 | D        | Killed a kobold demonologist
   567 | D        | Reached skill level 10 in Shields
   571 | D        | Noticed a fire bat
   573 | D        | Reached XP level 8. HP: 72/72 MP: 8/8
   594 | D        | Killed a fire bat
   594 | D        | Reached skill level 10 in Fighting
   594 | D        | Reached skill level 10 in Armour
   608 | D        | Bought a runed cloak for 112 gold pieces
   608 | D        | Bought an obsidian-encrusted scale mail for 135 gold pieces
   767 | D        | Noticed a lindwurm
   767 | D        | Noticed a lindwurm
   788 | D        | Killed a lindwurm
   788 | D        | Reached XP level 9. HP: 21/79 MP: 9/9
   790 | D        | Killed a lindwurm
   790 | D        | Reached skill level 10 in Axes
  1059 | D        | Noticed an orange demon
  1069 | D        | Killed an orange demon
  1166 | D        | Noticed a blink frog
  1166 | D        | Noticed a blink frog
  1166 | D        | Noticed a blink frog
  1166 | D        | Noticed a blink frog
  1167 | D        | Noticed an efreet
  1167 | D        | Noticed a smoke demon
  1167 | D        | Noticed a cyclops
  1171 | D        | Killed a blink frog
  1180 | D        | Killed a cyclops
  1180 | D        | Reached XP level 10. HP: 32/90 MP: 10/10
  1187 | D        | Killed an efreet
  1189 | D        | Killed a smoke demon
  1220 | D        | Bought a spiked cloak for 304 gold pieces
  1220 | D        | Bought a pair of slimy boots for 304 gold pieces
  1230 | D        | Identified the +2 cloak of Otuesel {rCorr} (You bought it in a shop in the Dungeon)
  1235 | D        | Identified the +1 pair of boots "Satzieh" {-Tele +Fly Regen+ Int-3} (You bought it in a shop in the Dungeon)
  1462 | D        | Bought an ichor-stained plate armour for 896 gold pieces
  1472 | D        | Identified the cursed +1 plate armour "Fihaloi" {Int+2} (You bought it in a shop in the Dungeon)
  1484 | D        | Noticed a nagaraja
  1484 | D        | Noticed a ghost moth
  1485 | D        | Noticed a sea snake
  1487 | D        | Reached XP level 11. HP: 99/99 MP: 0/11
  1495 | D        | Killed a sea snake
  1506 | D        | HP: 5/100 [poisoned by a nagaraja (splash of poison)]
  1509 | D        | Slain by a nagaraja

Vault maps used:
D:        pitsprint

Skill      XL: |  1  2  3  4  5  6  7  8  9 10 11 |
---------------+----------------------------------+-----
Shields        | 4 5 7 8 9 10 11 13 14 | 14.9
Fighting       | 4 5 6 7 8 9 10 12 13 14 | 14.0
Axes           | 3 4 5 6 7 8 9 11 12 | 12.8
Armour         | 4 5 6 7 8 9 10 12 13 | 13.9

Action                   |  1- 3 |  4- 6 |  7- 9 | 10-12 || total
-------------------------+-------+-------+-------+-------++-------
Melee: War axe           |    39 |    27 |    61 |    55 ||   182
Invok: Call Merchant     |       |       |     1 |     1 ||     2
       Potion Petition   |       |       |     1 |       ||     1
  Use: Potion            |       |     2 |     5 |     7 ||    14
 Stab: Distracted        |       |     1 |       |     1 ||     2
       Invisible         |       |       |    10 |     2 ||    12
  Eat: Meat ration       |       |       |     2 |       ||     2
Armor: Scale mail        |    24 |     1 |       |       ||    25
       Plate armour      |       |     7 |    47 |    77 ||   131
Dodge: Dodged            |    20 |     7 |    51 |    38 ||   116
Block: Shield            |    32 |    10 |    66 |    61 ||   169

Table legend:
 A = Spawn XP
 B = Non-spawn XP
 C = Spawn XP percentage of total XP
 D = Spawn monster count
 E = Non-spawn monster count
 F = Spawn count percentage of total count
 G = Total turns spent on level
                    A         B        C        D         E        F      G
               +---------+---------+-------+---------+---------+-------+---------
         Total |       0 |    8681 |   0.0 |       0 |      50 |   0.0 |  1509
               +---------+---------+-------+---------+---------+-------+---------
             D |       0 |    8681 |   0.0 |       0 |      50 |   0.0 |  1509
               +---------+---------+-------+---------+---------+-------+---------
